 Dungeon Crawl Stone Soup version 0.31.0-11-ge490571c62 (webtiles) character file.

Game seed: 4421318310326076003

186685 Arcadio the Warrior (level 18, -10/129 HPs)
             Began as a Gargoyle Gladiator on Feb 3, 2024.
             Was a High Priest of Trog.
             Mangled by a wolf spider (15 damage)
             ... on level 4 of the Spider Nest on Feb 4, 2024.
             The game lasted 01:05:31 (30437 turns).

Arcadio the Warrior (Gargoyle Gladiator)           Turns: 30437, Time: 01:05:32

Health: -10/129    AC: 41    Str: 33      XL:     18   Next: 48%
Magic:  0/18       EV:  8    Int: 11      God:    Trog [*****.]
Gold:   3123       SH: 18    Dex: 10 (11) Spells: 17/17 levels left

rFire   . . .        V - +8 morningstar (flame)
rCold   . . .        G - +0 tower shield
rNeg    + . .        W - +0 plate armour of Arghi Pui {rCorr Str+3}
rPois   ∞            S - +2 helmet
rElec   +            T - +2 cloak {rCorr}
rCorr   +            U - +0 pair of gloves
SInv    .            I - +2 pair of boots {Stlth+}
Will    ++...        N - amulet of regeneration Stlth
                     D - ring "Lotuc" {+Blink Will+}
HPRegen 1.21/turn    B - +6 ring of strength
MPRegen 0.16/turn

%: no passive effects
@: about to teleport, corroded, on berserk cooldown, flying, slowed, very slow
A: sickness immunity, AC +13, big wings, negative energy resistance 1,
electricity resistance, torment resistance 1, petrification resistance
a: Renounce Religion, Evoke Blink, Berserk, Trog's Hand, Brothers in Arms


You were on level 4 of the Spider Nest.
You worshipped Trog.
Trog was extremely pleased with you.
You visited 5 branches of the dungeon, and saw 27 of its levels.
You also visited: Sewer, Gauntlet and Volcano.

You collected 3843 gold pieces.
You spent 720 gold pieces at shops.

Inventory:

Hand Weapons
 E - a +2 spectral demon whip
 P - a +0 antimagic morningstar
 V - a +8 morningstar of flaming (weapon)
Armour
 n - the +2 plate armour of the Vaults {Stlth+}
   (You found it on level 2 of the Dungeon)

   Stlth+:    It makes you more stealthy.
 w - a +1 cloak of willpower
 G - a +0 tower shield (worn)
 I - a +2 pair of boots of stealth (worn)
 S - a +2 helmet (worn)
 T - a +2 cloak of preservation (worn)
 U - a +0 pair of gloves (worn)
 W - the +0 plate armour of Arghi Pui (worn) {rCorr Str+3}
   (You took it off an orc warrior on level 6 of the Dungeon)

   Str+3:     It affects your strength (+3).
   rCorr:     It protects you from acid and corrosion.
 X - a +0 plate armour of cold resistance
Jewellery
 a - a ring of protection from fire
 d - a ring of see invisible
 A - a ring of positive energy
 B - a +6 ring of strength (right hand)
 D - the ring "Lotuc" (left hand) {+Blink Will+}
   (You found it in a Gauntlet)

   [ring of willpower]

   Will+:     It increases your willpower.
   +Blink:    It lets you blink.
 L - a ring of willpower
 M - the ring of the Spinneret {Ice *Corrode Dex+7 Stlth+}
   (You took it off a minotaur in a Gauntlet)

   [ring of ice]

   Ice:       It enhances your ice magic.
   Dex+7:     It affects your dexterity (+7).
   rF-:       It makes you vulnerable to fire.
   rC+:       It protects you from cold.
   *Corrode:  It may corrode you when you take damage.
   Stlth+:    It makes you more stealthy.
 N - an amulet of regeneration (around neck)
 O - a ring of protection from cold
Wands
 q - a wand of paralysis (24)
 s - a wand of polymorph (4)
 y - a wand of roots (41)
 H - a wand of quicksilver (22)
 J - a wand of flame (16)
Scrolls
 b - 2 scrolls of silence
 e - 3 scrolls of revelation
 i - 4 scrolls of immolation
 o - 3 scrolls of blinking
 p - 6 scrolls of fear
 r - 2 scrolls of identify
 t - a scroll of poison
 x - a scroll of torment
 C - 6 scrolls of teleportation
 R - a scroll of fog
Potions
 c - 2 potions of resistance
 f - 3 potions of mutation
 g - 5 potions of attraction
 j - 6 potions of lignification
 k - 4 potions of haste
 l - 4 potions of heal wounds
 m - 4 potions of invisibility
 u - 2 potions of enlightenment
 v - 3 potions of berserk rage
 z - 2 potions of ambrosia
 F - 4 potions of might
 K - 5 potions of curing
 Z - 2 potions of cancellation
Miscellaneous
 h - a phial of floods


   Skills:
 + Level 20.2 Fighting
 + Level 18.8 Maces & Flails
 - Level 1.7 Throwing
 + Level 18.3 Armour
 - Level 2.4 Dodging
 + Level 15.6 Shields


You had 17 spell levels left.
You didn't know any spells.
Your spell library contained the following spells:

 Spells                   Type           Power      Damage    Failure   Level
 Slow                     Hex            0%         N/A       95%         1
 Sting                    Conj/Alch      0%         1d3       95%         1
 Blink                    Tloc           0%         N/A       99%         2
 Call Imp                 Summ           0%         N/A       99%         2
 Lesser Beckoning         Tloc           0%         N/A       99%         2
 Mercury Vapours          Alch/Air       0%         N/A       99%         2
 Momentum Strike          Conj/Tloc      0%         3d8       99%         2
 Confusing Touch          Hex            0%         N/A       100%        3
 Dazzling Flash           Conj/Hex       0%         N/A       100%        3
 Gell's Gravitas          Tloc           0%         N/A       100%        3
 Mephitic Cloud           Conj/Alch/Air  0%         N/A       100%        3
 Sigil of Binding         Hex            0%         N/A       100%        3
 Teleport Other           Tloc           0%         N/A       100%        3
 Vampiric Draining        Necr           0%         2d6       100%        3
 Olgreb's Toxic Radiance  Alch           0%         N/A       100%        4
 Curse of Agony           Necr           0%         N/A       100%        5
 Silence                  Hex/Air        0%         N/A       100%        5
 Summon Hydra             Summ           0%         N/A       100%        7
 Sublimation of Blood     Necr           Unusable   N/A       N/A         2

Dungeon Overview and Level Annotations

Branches:
Dungeon (15/15)            Temple (1/1) D:5            Lair (5/5) D:10
  Swamp (0/4) Lair:3       Spider (4/4) Lair:2        Slime (0/5) Lair:5
    Orc (2/2) D:11            Elf (0/3) Orc:2        Vaults (0/5) D:13
 Depths (0/4) D:15          Sewer (visited)         Volcano (visited)
Gauntlet (visited)

Altars:
Ashenzari
Cheibriados
Dithmenos
Elyvilon
Fedhas
Gozag
Hepliaklqana
Kikubaaqudgha
Makhleb
Nemelex Xobeh
Okawaru
Qazlal
Ru
Sif Muna
Trog
Uskayaw
Vehumet
Wu Jian
Xom
Yredelemnul
Zin
The Shining One

Shops:
D:9 (   D:15 =   Orc:1 =   Orc:2 :*[:

Annotations:
D:9 3 runed translucent doors, Suckerboh's ghost, novice AtBe
Lair:4 1 runed translucent door


Innate Abilities, Weirdness & Mutations

You are immune to sickness and miasma.
Your stone body is resilient. (AC +13)
You are immune to poison.
Your large and strong wings let you fly.
You resist negative energy. (rN+)
You are resistant to electric shocks. (rElec)
You are resistant to unholy torment.
You are immune to petrification.


Message History

You are exhausted.
You feel yourself slow down.
You feel you are being watched by something.
You block the wolf spider's attack. x2
You feel you are being watched by something.
As you read the scroll of teleportation, it crumbles to dust.
You feel strangely unstable.
The wolf spider hits you but does no damage.
You block the wolf spider's attack. The wolf spider hits you!!
The wolf spider barely misses you. You block the wolf spider's attack. x2
You block the redback's attack.
The moth of wrath goads the redback on!
The redback goes berserk!
The moth of wrath goads the redback on!
The redback goes berserk!
The moth of wrath goads the wolf spider on!
The wolf spider goes berserk!
The wolf spider hits you but does no damage.
The wolf spider misses you.
You feel you are being watched by something.
You feel your power leaking away. The redback barely misses you.
The wolf spider barely misses you.
The wolf spider bites you but does no damage.
The moth of wrath goads the redback on!
The redback goes berserk!
The wolf spider closely misses you. The wolf spider bites you.
You block the redback's attack.
The redback bites you but does no damage.
You block the wolf spider's attack. The wolf spider bites you.
You block the redback's attack.
You feel you are being watched by something.
The wolf spider barely misses you. You block the wolf spider's attack.
You feel you are being watched by something.
The wolf spider hits you!
* * * LOW HITPOINT WARNING * * *
The wolf spider bites you but does no damage.
The redback rages.
You feel you are being watched by something.
The redback bites you!
* * * LOW HITPOINT WARNING * * *
The redback rages.
The wolf spider hits you!
You die...

.^...~..# .......^#
........## .. .........# s
.........## ##### . .
..........## ###^.^## .##^.
###...^^.≈.####..s^s.##s^~^.
^....########^...ss.^s.)....
.....^~^~^^^≈^..@ssy{{s.....
......†.....^#...ss†$^......
........†..†.....B.y....^.~^
....)††......#...!s~.^.^^##.
.........)...^^....#####^~.~
###.^.^~≈^^^######## ^^..
^.^..######## :^.
....^..^^~^.# ..
...........##


You could see an emperor scorpion, a radroach (berserk), a spark wasp, 2 wolf
spiders, a moth of wrath, an orb spider, a culicivora, a tarantella and 6
redbacks.

Vanquished Creatures
  Nikola (Spider:2)
  Arachne (Spider:2)
  Mlioglotl (Spider:1)
  Jorgrun (D:12)
  Rupert (Lair:5)
  Asterion (Spider:2)
  Gastronok (D:8)
  Kirke (Lair:4)
  Aizul (Spider:3)
  Roxanne (Spider:4)
  An emperor scorpion (Spider:4)
  A frost giant (D:15)
  3 ghost moths
  Louise (Spider:4)
  The ghost of Jaliuk the Eclecticist, a journeyman DECj of Vehumet (D:14)
  2 broodmothers
  A minotaur (Gauntlet)
  3 dire elephants
  Azrael (D:12)
  2 spark wasps
  Snorg (Orc:1)
  An entropy weaver (shapeshifter) (D:13)
  8 entropy weavers
  Fannar (Lair:2)
  Harold (Lair:1)
  4 catoblepae
  9 hydras
  An ogre mage (Orc:2)
  A death knight (D:13)
  13 death yaks
  3 jorogumos (Spider:4)
  An ice dragon (Lair:5)
  Erica (D:8)
  2 radroaches
  8 boulder beetles
  4 two-headed ogres
  5 centaur warriors
  A death scarab (Spider:3)
  10 demonic crawlers
  3 orc high priests (Orc:2)
  5 tengu warriors
  Sonja (Lair:3)
  Nergalle (D:12)
  A deep elf knight (Spider:3)
  2 skysharks
  Lodul (D:12)
  9 skeletal warriors
  6 pharaoh ants
  A sun moth (Spider:3)
  6 orb spiders
  6 steelbarb worms
  A swamp dragon (Lair:5)
  An arcanist (D:11)
  2 deep elf archers
  3 lindwurms (Lair:5)
  3 deep elf pyromancers (D:13)
  A phantasmal warrior (D:13)
  An anaconda skeleton (Volcano)
  5 orc knights
  A deep elf zephyrmancer (D:13)
  3 orc sorcerers
  6 manticores
  19 wolf spiders
  7 cyclopes
  A will-o-the-wisp (Lair:3)
  Maurice (D:10)
  A moth of wrath (Spider:2)
  7 meliai
  14 ugly things
  12 elephants
  4 kobold blastminers
  6 black mambas
  Joseph (D:10)
  The ghost of Gobbopathe the Chopper, a novice GnCA of Ignis (D:6)
  10 gargoyles
  11 cane toads
  7 torpor snails
  A minotaur zombie (Gauntlet)
  8 rime drakes
  A kobold demonologist (D:13)
  8 komodo dragons
  3 centaur skeletons (D:13)
  3 freezing wraiths
  A yaktaur (D:13)
  2 tengu conjurers
  Psyche (D:8)
  28 tarantellas
  5 trolls
  3 polar bears
  3 harpy skeletons (Volcano)
  Prince Ribbit (D:5)
  9 blink frogs
  2 dream sheep (Lair:5)
  5 slime creatures (D:14)
  Sigmund (D:4)
  A vampire (D:12)
  32 jumping spiders
  13 culicivoras
  4 wyverns
  40 yaks
  A hog (shapeshifter) (D:12)
  A human (Lair:4)
  5 steam dragons
  5 fire elementals (D:12)
  5 wraiths
  A warg (Orc:1)
  A hog (Lair:4)
  10 vampire mosquitoes
  10 basilisks
  41 redbacks
  An acid dragon (D:14)
  14 water moccasins
  3 hell hounds
  3 ice beasts
  Pargi (Sewer)
  39 orc warriors
  A swamp drake (Lair:5)
  A sky beast (D:7)
  4 black bears
  8 laughing skulls
  15 ogres
  12 wolves
  24 centaurs
  5 kobold brigands
  2 weeping skulls
  3 phantoms
  A brain worm (Sewer)
  12 bullfrogs
  A gnoll sergeant (D:7)
  6 scorpions
  11 wights
  7 killer bees
  3 electric eels (Lair:5)
  4 howler monkeys
  3 troll skeletons (Volcano)
  2 spriggan skeletons (Volcano)
  A crimson imp (D:11)
  2 bombardier beetles
  4 hounds
  8 jellies
  20 orc priests
  10 iguanas
  19 orc wizards
  A boggart skeleton (D:13)
  2 naga skeletons (Volcano)
  8 gnolls
  11 adders
  A river rat (D:5)
  A shadow imp (D:7)
  A white imp (D:7)
  4 ufetubi
  2 ribbon worms (D:2)
  3 dart slugs
  103 orcs
  8 endoplasms
  3 giant cockroaches
  4 goblins
  7 hobgoblins
  4 jackals (D:1)
  3 quokkas
  9 ball pythons
  13 bats
  5 frilled lizards
  14 kobolds
  3 rats
987 creatures vanquished.

Vanquished Creatures (collateral kills)
  An orb spider (Spider:4)
  A torpor snail (Spider:4)
  A tarantella (Spider:4)
  A redback (Spider:4)
4 creatures vanquished.

Vanquished Creatures (others)
  A meliai (Spider:3)
  2 humans (Lair:4)
  10 foxfires (Lair:3)
13 creatures vanquished.

Grand Total: 1004 creatures vanquished

Notes
Turn   | Place    | Note
-------+----------+-------------------------------------------
     0 | D:1      | Arcadio the Gargoyle Gladiator began the quest for the Orb.
     0 | D:1      | Reached XP level 1. HP: 12/12 MP: 1/1
    34 | D:1      | Reached XP level 2. HP: 17/18 MP: 2/2
   342 | D:1      | Reached skill level 3 in Fighting
   342 | D:1      | Reached XP level 3. HP: 18/23 MP: 3/3
   782 | D:2      | Identified the +2 plate armour of the Vaults {Stlth+}
  1013 | D:2      | Reached XP level 4. HP: 28/28 MP: 4/4
  1373 | D:3      | Reached skill level 1 in Armour
  1830 | D:3      | Reached XP level 5. HP: 33/33 MP: 5/5
  1858 | D:3      | Reached skill level 4 in Fighting
  2274 | D:4      | Noticed a phantom
  2292 | D:4      | Killed a phantom
  2414 | D:4      | Reached XP level 6. HP: 34/39 MP: 6/6
  2584 | D:4      | Noticed Sigmund
  2627 | D:5      | Entered Level 5 of the Dungeon
  2748 | D:4      | Killed Sigmund
  2749 | D:4      | Reached skill level 5 in Fighting
  2749 | D:4      | Reached skill level 5 in Maces & Flails
  2853 | D:5      | Reached XP level 7. HP: 42/45 MP: 7/7
  2917 | D:5      | Found a glowing drain.
  3057 | Sewer    | Entered a sewer
  3095 | Sewer    | Reached skill level 6 in Fighting
  3100 | Sewer    | Noticed Pargi
  3115 | Sewer    | Killed Pargi
  3316 | D:5      | Noticed Prince Ribbit
  3347 | D:5      | Killed Prince Ribbit
  3353 | D:5      | Reached skill level 7 in Fighting
  3353 | D:5      | Reached XP level 8. HP: 25/53 MP: 8/8
  3845 | D:5      | Found a staircase to the Ecumenical Temple.
  3854 | Temple   | Entered the Ecumenical Temple
  3929 | D:5      | Reached skill level 8 in Fighting
  3930 | D:5      | Found a blossoming altar of Fedhas.
  3930 | D:5      | Found a broken altar of Ashenzari.
  3956 | D:5      | Found a snail-covered altar of Cheibriados.
  3959 | D:5      | Found a faded altar of an unknown god.
  3961 | D:5      | Found a bloodstained altar of Trog.
  3965 | D:5      | Became a worshipper of Trog the Wrathful
  4074 | D:5      | Found an ornate altar of the Wu Jian Council.
  4505 | D:5      | Reached XP level 9. HP: 52/60 MP: 9/9
  4547 | D:5      | Reached skill level 9 in Fighting
  5480 | D:6      | Found a runed translucent gate.
  5480 | D:6      | Found a runed translucent gate.
  5480 | D:6      | Found a runed translucent gate.
  5480 | D:6      | Noticed Gobbopathe's ghost (novice GnCA)
  5480 | D:6      | Identified the +0 plate armour of Arghi Pui {rCorr Str+3}
  5880 | D:6      | Reached skill level 10 in Fighting
  6037 | D:7      | Reached * piety under Trog
  6245 | D:7      | Reached skill level 10 in Maces & Flails
  6447 | D:8      | Noticed Gastronok
  6456 | D:8      | Killed Gastronok
  6457 | D:8      | Reached skill level 11 in Fighting
  6457 | D:8      | Reached XP level 10. HP: 70/70 MP: 10/10
  7279 | D:8      | Noticed Erica
  7286 | D:8      | Killed Erica
  7287 | D:8      | Reached skill level 12 in Fighting
  7318 | D:8      | Noticed Psyche
  7325 | D:8      | Killed Psyche
  7512 | D:9      | Reached ** piety under Trog
  7805 | D:9      | Found a runed translucent gate.
  7805 | D:9      | Found a runed translucent gate.
  7805 | D:9      | Found a runed translucent gate.
  7807 | D:9      | Found an opulent altar of Gozag.
  7816 | D:9      | Identified the +3 quarterstaff "Trog's Fury" {antimagic,
                  | SInv}
  7820 | D:9      | Found Deitt's Antique Weapon Boutique.
  7873 | D:9      | Reached XP level 11. HP: 56/76 MP: 11/11
  8037 | D:9      | Noticed Suckerboh's ghost (novice AtBe)
  8038 | D:9      | Noticed a cyclops
  8312 | D:10     | Entered Level 10 of the Dungeon
  8325 | D:10     | Noticed Joseph
  8330 | D:10     | Reached skill level 13 in Fighting
  8357 | D:10     | Killed Joseph
  8580 | D:10     | Found a staircase to the Lair.
  8592 | D:10     | Noticed a two-headed ogre
  8602 | D:10     | Killed a two-headed ogre
  9084 | D:10     | Reached *** piety under Trog
  9094 | D:10     | Noticed a manticore
  9101 | D:10     | Killed a manticore
  9102 | D:10     | Reached skill level 1 in Shields
  9402 | D:10     | Noticed Maurice
  9409 | D:10     | Killed Maurice
  9554 | D:11     | Identified a scroll of acquirement
  9557 | D:11     | Acquired a manual of Armour
  9599 | D:11     | Found a gate leading to a gauntlet.
  9608 | Gauntlet | Entered a Gauntlet
  9608 | Gauntlet | Found a transporter.
  9608 | Gauntlet | Found a transporter.
  9612 | Gauntlet | Found a transporter.
  9612 | Gauntlet | Found a transporter.
  9614 | Gauntlet | Noticed a death yak
  9615 | Gauntlet | Noticed a necromancer
  9616 | Gauntlet | Noticed a death yak
  9618 | Gauntlet | Noticed a death yak
  9618 | Gauntlet | Noticed a death yak
  9621 | Gauntlet | Noticed a catoblepas
  9626 | Gauntlet | Found a transporter.
  9632 | Gauntlet | Noticed a necromancer
  9643 | Gauntlet | Killed a catoblepas
  9741 | Gauntlet | Found a transporter.
  9765 | Gauntlet | Found a transporter.
  9766 | Gauntlet | Noticed a dire elephant
  9776 | Gauntlet | Reached skill level 14 in Fighting
 10006 | Gauntlet | Identified the ring "Lotuc" {+Blink Will+}
 10025 | Gauntlet | Found a transporter.
 10026 | Gauntlet | Found a transporter.
 10135 | Gauntlet | Found a transporter.
 10141 | Gauntlet | Killed a dire elephant
 10142 | Gauntlet | Reached skill level 5 in Armour
 10148 | Gauntlet | Reached XP level 12. HP: 85/85 MP: 12/12
 10151 | Gauntlet | Found a transporter.
 10256 | Gauntlet | Identified the ring of the Spinneret {Ice *Corrode Dex+7
                  | Stlth+}
 10256 | Gauntlet | Noticed a minotaur
 10274 | Gauntlet | Killed a minotaur
 10850 | D:11     | Noticed a boulder beetle
 10992 | D:11     | Killed a boulder beetle
 11280 | D:11     | Reached skill level 5 in Shields
 11351 | D:11     | Found a staircase to the Orcish Mines.
 11368 | Orc:1    | Entered Level 1 of the Orcish Mines
 11386 | Orc:1    | Reached **** piety under Trog
 11417 | Orc:1    | You fall into a shaft and drop 1 floor!
 11417 | Orc:2    | Entered Level 2 of the Orcish Mines
 11675 | Orc:2    | Noticed a two-headed ogre
 11675 | Orc:2    | Noticed an orc high priest
 11680 | Orc:2    | Killed an orc high priest
 11680 | Orc:2    | Noticed an ogre mage
 11683 | Orc:2    | Killed a two-headed ogre
 11683 | Orc:2    | Noticed an orc high priest
 11686 | Orc:2    | Noticed an orc high priest
 11688 | Orc:2    | Killed an orc high priest
 11704 | Orc:2    | Killed an ogre mage
 11719 | Orc:2    | Noticed Snorg
 12319 | Lair:1   | Entered Level 1 of the Lair of Beasts
 12338 | Lair:1   | Reached skill level 15 in Fighting
 12471 | Lair:1   | Reached XP level 13. HP: 92/92 MP: 13/13
 12665 | Lair:1   | Reached skill level 10 in Armour
 12901 | Lair:1   | Reached ***** piety under Trog
 13187 | Lair:2   | Found a hole to the Spider Nest.
 13189 | Lair:2   | Noticed Harold
 13244 | Lair:1   | Killed Harold
 13446 | Lair:2   | Found a hazy altar of Hepliaklqana.
 13627 | Lair:2   | Noticed Fannar
 13637 | Lair:2   | Killed Fannar
 14301 | Lair:3   | Noticed Sonja
 14304 | Lair:3   | Killed Sonja
 14328 | Lair:3   | Found a staircase to the Swamp.
 14446 | Lair:3   | Reached skill level 16 in Fighting
 15157 | Lair:3   | Reached skill level 15 in Maces & Flails
 15157 | Lair:3   | Gained mutation: Your large and strong wings let you fly.
                  | [Gargoyle growth]
 15157 | Lair:3   | Reached XP level 14. HP: 100/100 MP: 14/14
 15339 | Lair:4   | Noticed Kirke
 15364 | Lair:4   | Killed Kirke
 15683 | Lair:4   | Found a runed translucent door.
 15684 | Lair:4   | Noticed a reaper
 16219 | Lair:4   | Reached skill level 10 in Shields
 16495 | Lair:5   | Entered Level 5 of the Lair of Beasts
 16521 | Lair:5   | Received a gift from Trog
 16538 | Lair:5   | Found a dark tunnel.
 16546 | Volcano  | Entered a volcano
 17059 | Lair:5   | Found a staircase to the Slime Pits.
 17426 | Lair:5   | Noticed Rupert
 17439 | Lair:5   | Killed Rupert
 17440 | Lair:5   | Reached skill level 17 in Fighting
 17518 | Lair:5   | Reached XP level 15. HP: 107/107 MP: 15/15
 17817 | Lair:5   | Identified the +0 dagger "Lienur" {freeze, rF- rC++ MP-9
                  | Str+2}
 18071 | Lair:5   | Reached skill level 15 in Armour
 18170 | Lair:5   | Received a gift from Trog
 18676 | D:6      | Killed Gobbopathe's ghost
 19661 | Orc:1    | Killed Snorg
 20034 | Orc:2    | Found a staircase to the Elven Halls.
 20230 | Orc:2    | Received a gift from Trog
 20378 | Orc:2    | Found Xokylul's Book Shop.
 20378 | Orc:2    | Found Xehy's Book Shoppe.
 20380 | Orc:2    | Found Wuteco's Armour Shoppe.
 20380 | Orc:2    | Found Giawugo's Assorted Antiques.
 20393 | Orc:2    | Bought a potion of curing for 72 gold pieces
 20393 | Orc:2    | Bought a potion of might for 96 gold pieces
 20393 | Orc:2    | Bought a potion of heal wounds for 120 gold pieces
 20664 | Orc:1    | Found Elull's Jewellery Emporium.
 21127 | D:12     | Noticed Lodul
 21143 | D:12     | Killed Lodul
 21213 | D:12     | Noticed Azrael
 21241 | D:12     | Killed Azrael
 21328 | D:12     | Noticed Nergalle
 21336 | D:12     | Killed Nergalle
 21579 | D:12     | Noticed Jorgrun
 21593 | D:12     | Killed Jorgrun
 21859 | D:12     | Reached skill level 18 in Fighting
 22013 | D:12     | Received a gift from Trog
 22387 | D:13     | Reached XP level 16. HP: 114/114 MP: 16/16
 22786 | D:13     | Found a gate to the Vaults.
 23530 | D:14     | Reached ****** piety under Trog
 23569 | D:14     | Identified the +0 sling "Odaust" {drain, *Corrode +Blink
                  | rC+++ SInv}
 23621 | D:14     | Found a runed translucent door.
 23621 | D:14     | Noticed Jaliuk's ghost (journeyman DECj)
 23732 | D:14     | Identified the maw talisman of Action {rN+++ Str-5}
 24260 | D:14     | Killed Jaliuk's ghost
 24293 | D:15     | Entered Level 15 of the Dungeon
 24376 | D:15     | Identified the +1 ring mail of Nontis {rElec rPois rF-
                  | Slay+2}
 24545 | D:15     | Found a shimmering blue altar of Sif Muna.
 24719 | D:15     | Found Hetic's Jewellery Emporium.
 24722 | D:15     | Bought a +6 ring of strength for 432 gold pieces
 25013 | D:15     | Received a gift from Trog
 25019 | D:15     | Found a staircase to the Depths.
 25269 | Spider:1 | Entered Level 1 of the Spider Nest
 25337 | Spider:1 | Identified the +0 flail of Ointment {holy, Dex+7}
 25507 | Spider:1 | Reached XP level 17. HP: 111/120 MP: 17/17
 25891 | Spider:1 | Noticed Mlioglotl
 25906 | Spider:1 | Killed Mlioglotl
 25907 | Spider:1 | Reached skill level 19 in Fighting
 26425 | Spider:2 | Noticed Asterion
 26433 | Spider:2 | Noticed an Executioner
 26443 | Spider:2 | Killed Asterion
 26476 | Spider:2 | Identified the storm talisman "Bewnemedeo" {Int+2}
 26569 | Spider:2 | Noticed Nikola
 26594 | Spider:2 | HP: 1/122 [Nikola/arc of chain lightning (45)]
 26602 | Spider:2 | Killed Nikola
 26709 | Spider:2 | Noticed Arachne
 26753 | Spider:2 | Killed Arachne
 27616 | Spider:3 | Received a gift from Trog
 28851 | Spider:3 | Identified the serpent talisman of Fehizxef {Str+3}
 28851 | Spider:3 | Noticed Aizul
 28865 | Spider:3 | Killed Aizul
 28866 | Spider:3 | Reached skill level 15 in Shields
 28875 | Spider:3 | Reached XP level 18. HP: 129/129 MP: 18/18
 29038 | Spider:4 | Entered Level 4 of the Spider Nest
 29309 | Spider:4 | Received a gift from Trog
 29566 | Spider:4 | Reached skill level 20 in Fighting
 29661 | Spider:4 | Noticed Louise
 30079 | Spider:4 | Noticed Roxanne
 30110 | Spider:4 | Killed Roxanne
 30192 | Spider:4 | Killed Louise
 30431 | Spider:4 | Received a gift from Trog
 30437 | Spider:4 | HP: 5/129 [redback (14)]
 30437 | Spider:4 | Mangled by a wolf spider

Illustrated notes

Levels and vault maps discovered:
D:1:      co_arrival_hall_of_pillars, layout_rooms
D:2:      layout_loops_ring, minmay_nonomino_d4
D:3:      layout_loops_corners
D:4:      layout_cave_pools, uniq_sigmund
D:5:      layout_loops_ring, chequers_temple_overflow_minitemple,
          nicolae_wu_jian_immortal_techniques, minmay_temple_entry_antechambers,
          mainiacjoe_sewer_entry_somewhere_in_here_2, uniq_prince_ribbit1
D:6:      layout_rooms, biasface_ghost_orc_armoury
D:7:      layout_rooms
D:8:      layout_loops_corners, minivault_19, dk_noncrumbling_2, uniq_psyche,
          uniq_gastronok, uniq_erica
D:9:      layout_rooms, serial_shops, shop, ebering_ghost_gozag
D:10:     layout_loops_cross, due_lair_maze_entry_diamond, uniq_maurice,
          uniq_joseph
D:11:     layout_long_grid, david_orc_5, gauntlet_entry_generic,
          lightli_wizard_tower
D:12:     layout_loops_corners, special_room [special_room_orc],
          chequers_serial_rivers_micro_e, minmay_misc_feat_roman,
          minmay_gold_behind_fungi, uniq_jorgrun, uniq_nergalle, uniq_azrael,
          uniq_lodul
D:13:     layout_cross, hangedman_vaults_entry_quadrant_bands
D:14:     layout_grid_maze, minivault_23, hellmonk_ghost_happy_afterlife
D:15:     grunt_enter_depths_snipers, layout_loops_cross, serial_shops, shop,
          led_sif_pool
Temple:   minmay_temple_bridge_d
Lair:1:   layout_gridlike
Lair:2:   layout_long_grid, nicolae_spider_entry_lesser_pyramids, basic_altar,
          serial_bayou_ford_a, uniq_fannar, uniq_harold
Lair:3:   layout_hall_layers, minmay_swamp_entry_wisps, minivault_24, uniq_sonja
Lair:4:   beast_lair_carwin_large_4, layout_layer_cave,
          pdpol_lair_cabin_in_the_woods, uniq_kirke
Lair:5:   guppyfry_lair_end_dragon, layout_long_grid, hangedman_lair_in_review,
          nicolae_slime_entry_slimehenge, lightli_volcano_entry_magma_tube,
          small_statue_intersection, nicolae_quartered_pool_little,
          serial_bayou_shore_b, serial_bayou_shore_b, uniq_rupert
Spider:1: layout_spider_delve, uniq_mlioglotl
Spider:2: layout_spider_delve, uniq_asterion, uniq_arachne, uniq_nikola
Spider:3: layout_chambers, beargit_elvish_explorers, uniq_aizul
Spider:4: grunt_spider_rune_parallel, nicolae_spider_some_kinda_spiderbox,
          uniq_roxanne, uniq_louise
Orc:1:    layout_diamond_mine, serial_shops, shop, basic_altar
Orc:2:    grunt_orc_tribal_feast, layout_caves, uniq_snorg

Skill      XL: |  1  2  3  4  5  6  7  8  9 10 11 12 13 14 15 16 17 18 |
---------------+-------------------------------------------------------+-----
Fighting       | 3 4 5 7 8 11 12 14 15 16 17 18 19 20 | 20.2
Maces & Flails | 4 5 6 8 10 11 13 14 15 16 17 18 | 18.8
Armour         | 1 5 9 12 14 15 16 17 18 | 18.3
Shields        | 3 6 9 10 12 13 15 | 15.6
Throwing       | |  1.7
Dodging        | |  2.4

Action                     |  1- 3 |  4- 6 |  7- 9 | 10-12 | 13-15 | 16-18 || total
---------------------------+-------+-------+-------+-------+-------+-------++-------
  Melee: Flail             |   107 |   174 |   426 |       |       |       ||   707
         Morningstar       |       |       |    50 |   657 |  1398 |  1262 ||  3367
 Invoke: Berserk           |       |       |     1 |    10 |    14 |    12 ||    37
         Trog's Hand       |       |       |       |     2 |     2 |     2 ||     6
         Brothers in Arms  |       |       |       |       |       |     2 ||     2
  Evoke: Wand              |       |       |       |       |       |     3 ||     3
    Use: Scroll            |       |     6 |     8 |     6 |     6 |    13 ||    39
         Potion            |       |       |       |     2 |       |     9 ||    11
   Stab: Petrified         |       |       |       |       |    14 |       ||    14
         Petrifying        |       |       |       |       |     1 |       ||     1
 Armour: Leather armour    |    36 |       |       |       |       |       ||    36
         Chain mail        |    54 |       |       |       |       |       ||    54
         Plate armour      |       |   197 |   612 |   611 |   945 |  1545 ||  3910
  Dodge: Dodged            |    69 |    53 |   119 |   208 |   593 |   616 ||  1658
  Block: Kite shield       |       |    43 |   198 |   319 |   797 |   544 ||  1901
         Tower shield      |       |       |       |       |       |   767 ||   767
